 Dungeon Crawl Stone Soup version 0.28.0-1-gb440e238dd (webtiles) character file.

Game seed: 2451792132914669658

88606 JustinTrotter the Acrobat (level 15, -8/139 HPs)
             Began as a Merfolk Gladiator on Feb 21, 2022.
             Was the Champion of the Shining One.
             Killed from afar by a starcursed mass (9 damage)
             ... with an accursed screaming
             ... on level 2 of the Abyss.
             The game lasted 01:19:31 (31107 turns).

JustinTrotter the Acrobat (Merfolk Gladiator)      Turns: 31107, Time: 01:19:32

Health: -8/139     AC: 19    Str: 25    XL:     15   Next: 94%
Magic:  15/15      EV: 35    Int:  8    God:    the Shining One [******]
Gold:   1191       SH:  5    Dex: 23    Spells: 6/14 levels left

rFire   + . .      SeeInvis .   L - +5 sword of Power {vorpal}
rCold   . . .      Faith    .   (shield currently unavailable)
rNeg    + + +      Spirit   .   b - +4 scale mail "Bokuter" {Str+5}
rPois   .          Reflect  +   c - +2 helmet
rElec   .          Harm     +   S - scarf {harm}
rCorr   .          Rampage  .   f - +1 pair of gloves
Will    +....                   (boots currently unavailable)
Stlth   +.........              a - amulet of reflection
HPRegen 0.00/turn               P - ring of protection from fire
MPRegen 0.14/turn               I - +6 ring of strength

@: about to teleport, sick, glowing, very quick
A: nimble swimmer 2, mertail
a: Renounce Religion, Divine Shield, Cleansing Flame, Summon Divine Warrior,
Brand Weapon With Holy Wrath


You were on level 2 of the Abyss.
You worshipped the Shining One.
The Shining One was exalted by your worship.
You visited 3 branches of the dungeon, and saw 20 of its levels.
You visited the Abyss 2 times.
You also visited: Sewer, Bailey and Gauntlet.

You collected 1191 gold pieces.

Inventory:

Hand Weapons
 n - a +3 spear of freezing
 L - the +5 sword of Power (weapon) {vorpal}
   (You took it off a minotaur in a Gauntlet)

   It inflicts extra damage upon your enemies.
   It occasionally discharges a powerful but inaccurate bolt of energy upon
   striking a foe, with increased chance the greater the wielder's current
   health.
Missiles
 e - 7 atropa-tipped darts
 m - 20 poisoned darts
 o - 11 curare-tipped darts (quivered)
 s - 15 javelins
Armour
 b - the +4 scale mail "Bokuter" (worn) {Str+5}
   (You acquired it on level 11 of the Dungeon)

   Str:       It affects your strength (+5).
 c - a +2 helmet (worn)
 f - a +1 pair of gloves (worn)
 g - a +0 kite shield
 z - a +0 pair of boots (melded)
 H - the +2 hat "Huitto" {rPois rC- Int+2}
   (You found it in a Gauntlet)

   Int:       It affects your intelligence (+2).
   rC:        It makes you vulnerable to cold.
   rPois:     It protects you from poison.
 S - a scarf of harm (worn)
Jewellery
 a - an amulet of reflection (around neck)
 I - a +6 ring of strength (right hand)
 P - a ring of protection from fire (left hand)
Wands
 x - a wand of flame (7)
 y - a wand of digging (15)
 M - a wand of acid (9)
 N - a wand of polymorph (8)
 R - a wand of iceblast (8)
Scrolls
 h - a scroll of teleportation
 p - 5 scrolls of fog
 v - 2 scrolls of magic mapping
 w - 3 scrolls of silence
 D - 2 scrolls of amnesia
 K - 2 scrolls of identify
Potions
 d - a potion of brilliance
 i - 7 potions of flight
 j - 2 potions of magic
 l - 3 potions of cancellation
 q - 4 potions of mutation
 r - 4 potions of resistance
 G - a potion of lignification {unknown}
 Q - a potion of might {unknown}
Miscellaneous
 k - a box of beasts
 O - a phial of floods


   Skills:
 + Level 19.2 Fighting
 * Level 9.4 Long Blades
 - Level 4.4 Polearms
 - Level 2.0 Throwing
 - Level 13.1 Armour
 + Level 22.7 Dodging


You had 6 spell levels left.
You knew the following spells:

 Your Spells              Type           Power      Damage    Failure   Level
a - Ozocubu's Armour      Ice            0%         N/A       94%         3
b - Passwall              Tmut/Erth      0%         N/A       77%         2
c - Frozen Ramparts       Ice            0%         1d2       94%         3

Your spell library contained the following spells:

 Spells                   Type           Power      Damage    Failure   Level
 Beastly Appendage        Tmut           0%         N/A       63%         1
 Freeze                   Ice            0%         1d3       63%         1
 Sandblast                Erth           0%         2d4       63%         1
 Slow                     Hex            0%         N/A       63%         1
 Corpse Rot               Necr/Air       0%         N/A       77%         2
 Sublimation of Blood     Necr           0%         N/A       77%         2
 Wereblood                Tmut           0%         N/A       77%         2
 Call Canine Familiar     Summ           0%         N/A       94%         3
 Confusing Touch          Hex            0%         N/A       94%         3
 Gell's Gravitas          Tloc           0%         N/A       94%         3
 Ignite Poison            Fire/Tmut/Pois 0%         N/A       94%         3
 Mephitic Cloud           Conj/Pois/Air  0%         N/A       94%         3
 Portal Projectile        Hex/Tloc       0%         N/A       94%         3
 Spider Form              Tmut/Pois      0%         N/A       94%         3
 Stone Arrow              Conj/Erth      0%         3d7       94%         3
 Summon Guardian Golem    Hex/Summ       0%         N/A       94%         3
 Teleport Other           Tloc           0%         N/A       94%         3
 Tukima's Dance           Hex            0%         N/A       94%         3
 Vampiric Draining        Necr           0%         2d6       94%         3
 Anguish                  Hex/Necr       0%         N/A       100%        4
 Dispel Undead            Necr           0%         3d6       100%        4
 Hailstorm                Conj/Ice       0%         3d3       100%        4
 Leda's Liquefaction      Hex/Erth       0%         N/A       100%        4
 Freezing Cloud           Conj/Ice/Air   0%         6-21      100%        5
 Iskenderun's Battlesphe  Conj           0%         2d6       100%        5
 Metabolic Englaciation   Hex/Ice        0%         N/A       100%        5
 Death Channel            Necr           0%         N/A       100%        6
 Dispersal                Tloc           0%         N/A       100%        6
 Iron Shot                Conj/Erth      0%         9d1       100%        6
 Simulacrum               Ice/Necr       0%         N/A       100%        6
 Enfeeble                 Hex            0%         N/A       100%        7
 Orb of Destruction       Conj           0%         9d5       100%        7
 Spellforged Servitor     Conj/Summ      0%         N/A       100%        7
 Summon Hydra             Summ           0%         N/A       100%        7


Dungeon Overview and Level Annotations

Branches:
Dungeon (13/15)            Temple (1/1) D:5            Lair (6/6) D:8
  Swamp (0/4) Lair:2        Snake (0/4) Lair:3        Slime (0/5) Lair:6
    Orc (0/2) D:12          Sewer (visited)          Bailey (visited)
Gauntlet (visited)
 Vaults: D:13-14

Altars:
Cheibriados
Dithmenos
Hepliaklqana
Ru
Vehumet
Yredelemnul
The Shining One
Jiyva
Lugonu

Shops:
D:10 (

Portals:
Abyss: Lair:6

Annotations:
D:6 1 runed translucent door, ryathie's ghost, amateur GrFi


Innate Abilities, Weirdness & Mutations

You are very nimble when in or above water. (Stealth+, EV+, Speed+++)
Your lower body shifts to a powerful aquatic tail in water.


Message History

You slash the ancient zyme!
You tail-slap the ancient zyme, but do no damage.
The ancient zyme is heavily damaged.
A chorus of shrieks assaults your mind.
* * * LOW HITPOINT WARNING * * *
A quasit comes into view.
The ancient zyme misses you. You block the ancient zyme's attack.
You feel ill.
The quasit gives a chilling moan.
You slice the ancient zyme!!
You destroy the ancient zyme!
That felt strangely unrewarding.
You hear a bark!
A chorus of shrieks assaults your mind.
* * * LOW HITPOINT WARNING * * *
You slice the starcursed mass!!
You destroy the starcursed mass!
That felt strangely unrewarding.
Unknown command.
Okay, then.
As you read the scroll of fog, it crumbles to dust.
The scroll dissolves into smoke.
The starcursed mass barely misses you.
Unknown command.
A raiju comes into view.
The raiju barks!
You hear a bark! x3
As you read the scroll of teleportation, it crumbles to dust.
You feel strangely unstable.
You feel the power of the Abyss delaying your translocation!
The raiju bursts into living lightning!
The living lightning misses you.
The living lightning hits the starcursed mass!
The raiju blinks! x2
The starcursed mass shudders and is absorbed by its neighbour.
The starcursed mass shrieks in your mind.
* * * LOW HITPOINT WARNING * * *
You hit the raiju but do no damage.
The raiju bursts into living lightning!
The living lightning misses you.
The raiju blinks!
A raiju comes into view.
The starcursed mass shrieks in your mind.
You die...

. ... # ##
..# . .
#...#.# #
.##.#..##
####.....# ##
..#...#. #
#.# #.#§§h#.
##.... # §§h#
...≈≈§..##§@#
# ..≈≈≈..
♣§## ## # ≈
≈.#§X## #
...≈§≈..§#.
#.§§§....#..
..§§ .....##
# ..≈§≈...
..# ...§.#
.X#...# # ..
.........


You could see a starcursed mass and 2 raiju.

Vanquished Creatures
  A minotaur (Gauntlet)
  Snorg (D:12)
  Josephine (Lair:3)
  Harold (D:7)
  Fannar (D:10)
  7 hydras
  Erolcha (D:10)
  A ghost crab (Gauntlet)
  A catoblepas (Lair:6)
  3 two-headed ogres
  12 death yaks
  A deep troll earth mage (D:10)
  Urug (D:12)
  2 thrashing horrors (Lair:6)
  Sonja (Lair:4)
  A sixfirhy (Abyss:2)
  2 orc knights (Bailey)
  A lindwurm (Lair:6)
  3 large abominations
  4 ugly things
  A manticore (D:12)
  3 cyclopes
  A worldbinder (Abyss:2)
  2 elephants (Lair:3)
  3 black mambas
  4 smoke demons
  2 torpor snails
  A centaur zombie (D:8)
  3 gargoyles
  9 cane toads
  5 rime drakes
  A yaktaur (D:11)
  6 starcursed masses (Abyss:2)
  5 komodo dragons
  A meliai (D:11)
  2 trolls (D:12)
  3 ancient zymes
  A hornet (D:9)
  2 polar bears
  2 wind drakes (shapeshifter) (Lair:6)
  15 blink frogs
  4 dream sheep (Lair:6)
  A flying skull (Abyss:2)
  A vampire (D:11)
  4 wraiths
  A shadow (D:12)
  A spriggan (Lair:6)
  9 wyverns
  A ynoxinul (Lair:6)
  13 basilisks
  A chaos spawn (Lair:6)
  35 yaks
  A golden eye (D:8)
  8 vampire mosquitoes
  2 swamp worms (Gauntlet)
  4 nagas (Lair:3)
  7 water moccasins
  2 acid dragons
  Duvessa (D:7)
  7 orc warriors
  14 small abominations
  A swamp drake (Lair:2)
  2 black bears
  A hornet zombie (D:7)
  An ice beast (D:7)
  A sky beast (D:5)
  13 wolves
  3 centaurs
  A necrophage (D:5)
  6 ogres
  A kobold brigand (D:9)
  3 gnoll sergeants
  3 scorpions
  17 bullfrogs
  A water moccasin zombie (D:5)
  2 water moccasin skeletons
  Dowan (D:7)
  12 killer bees
  3 howler monkeys
  3 electric eels (D:8)
  5 jellies
  A quasit (Abyss:2)
  2 bullfrog zombies
  2 hounds
  7 orc priests
  Crazy Yiuf (D:7)
  6 iguanas
  6 orc wizards
  14 hell rats
  2 killer bee zombies
  A hound skeleton (D:4)
  A howler monkey zombie (D:8)
  22 gnolls
  2 howler monkey skeletons (D:6)
  15 adders
  7 river rats (Lair:6)
  A shadow imp (D:4)
  2 white imps
  2 ufetubi
  2 adder skeletons (D:4)
  A worm (Sewer)
  A dart slug (D:4)
  55 orcs
  10 ball pythons
  8 bats
  12 endoplasms
  10 giant cockroaches
  7 goblins
  7 hobgoblins
  6 jackals
  20 kobolds
  4 quokkas
  9 frilled lizards
  16 rats
577 creatures vanquished.

Vanquished Creatures (collateral kills)
  A death yak (Gauntlet)
  A torpor snail (Gauntlet)
2 creatures vanquished.

Vanquished Creatures (others)
  A bush (Lair:3)
  29 fungi
  38 plants
68 creatures vanquished.

Grand Total: 647 creatures vanquished

Notes
Turn   | Place    | Note
-------+----------+-------------------------------------------
     0 | D:1      | JustinTrotter the Merfolk Gladiator began the quest for the
                  | Orb.
     0 | D:1      | Reached XP level 1. HP: 16/16 MP: 1/1
   138 | D:1      | Reached XP level 2. HP: 22/23 MP: 2/2
   550 | D:1      | Reached XP level 3. HP: 29/29 MP: 3/3
  1103 | D:2      | Reached skill level 5 in Dodging
  1395 | D:2      | Reached XP level 4. HP: 36/36 MP: 4/4
  1911 | D:3      | Reached XP level 5. HP: 33/42 MP: 5/5
  2285 | D:3      | Reached skill level 6 in Dodging
  2374 | D:3      | Found a shadowy altar of Dithmenos.
  2876 | D:4      | Reached skill level 5 in Fighting
  2876 | D:4      | Reached XP level 6. HP: 30/51 MP: 6/6
  2903 | D:4      | Found a glowing drain.
  3047 | D:4      | Reached skill level 7 in Dodging
  3061 | Sewer    | Entered a sewer
  3445 | Sewer    | Found a viscous altar of Jiyva.
  3686 | D:4      | Identified a scroll of acquirement
  3686 | D:4      | Acquired a manual of Dodging
  3952 | D:4      | Reached XP level 7. HP: 52/57 MP: 7/7
  4004 | D:4      | Reached skill level 8 in Dodging
  4703 | D:4      | Reached skill level 9 in Dodging
  4928 | D:5      | Entered Level 5 of the Dungeon
  5096 | D:5      | Reached skill level 10 in Dodging
  5153 | D:5      | Reached XP level 8. HP: 50/67 MP: 8/8
  5644 | D:5      | Reached skill level 11 in Dodging
  5808 | D:5      | Found a staircase to the Ecumenical Temple.
  5813 | D:5      | Learned a level 3 spell: Ozocubu's Armour
  5816 | D:5      | Learned a level 2 spell: Passwall
  5829 | D:5      | Reached skill level 12 in Dodging
  6010 | Temple   | Entered the Ecumenical Temple
  6015 | Temple   | Became a worshipper of the Shining One
  6614 | D:5      | Reached skill level 13 in Dodging
  6797 | D:6      | Reached XP level 9. HP: 75/75 MP: 9/9
  7032 | D:6      | Found a runed translucent door.
  7032 | D:6      | Noticed ryathie's ghost (amateur GrFi)
  7065 | D:6      | Reached skill level 14 in Dodging
  8376 | D:7      | Reached skill level 15 in Dodging
  8569 | D:7      | Noticed a gargoyle
  8764 | D:8      | Reached skill level 10 in Fighting
  9231 | D:7      | Noticed Harold
  9244 | D:7      | Noticed Duvessa
  9244 | D:7      | Noticed Dowan
  9268 | D:7      | Killed Harold
  9269 | D:7      | Reached skill level 16 in Dodging
  9271 | D:7      | Killed Duvessa
  9272 | D:7      | Reached XP level 10. HP: 34/86 MP: 10/10
  9283 | D:7      | Reached * piety under the Shining One
  9560 | D:7      | Killed Dowan
  9798 | D:7      | Found a runed translucent door.
  9799 | D:7      | Noticed Crazy Yiuf
  9808 | D:7      | Killed Crazy Yiuf
  9809 | D:7      | Reached skill level 17 in Dodging
 10482 | D:8      | Found a staircase to the Lair.
 11520 | D:8      | Reached skill level 18 in Dodging
 11791 | D:9      | Found a flagged portal.
 11805 | Bailey   | Entered a bailey
 12253 | Bailey   | Noticed an orc knight
 12253 | Bailey   | Noticed an orc knight
 12359 | Bailey   | Killed an orc knight
 12360 | Bailey   | Reached skill level 19 in Dodging
 12550 | Bailey   | Killed an orc knight
 12918 | D:9      | Reached skill level 1 in Armour
 12970 | D:9      | Learned a level 3 spell: Frozen Ramparts
 13051 | D:9      | Noticed a two-headed ogre
 13477 | D:9      | Reached XP level 11. HP: 96/98 MP: 11/11
 14875 | D:9      | Killed a two-headed ogre
 15048 | D:10     | Entered Level 10 of the Dungeon
 15048 | D:10     | Noticed Erolcha
 15073 | D:10     | Killed Erolcha
 15249 | D:10     | Found Zuigyu's Antique Weapon Emporium.
 15283 | D:10     | Noticed a two-headed ogre
 15425 | D:7      | Reached skill level 5 in Armour
 15850 | D:10     | Killed a two-headed ogre
 15948 | D:10     | Noticed a deep troll earth mage
 16606 | D:11     | Noticed a cyclops
 16612 | D:12     | Noticed a cyclops
 16658 | D:11     | Killed a cyclops
 17122 | D:11     | Acquired the +4 scale mail "Bokuter" {Str+5}
 17188 | D:11     | Noticed a four-headed hydra
 17530 | D:11     | Reached skill level 20 in Dodging
 18028 | D:10     | Noticed Fannar
 18161 | D:11     | Reached ** piety under the Shining One
 18312 | D:11     | Killed a four-headed hydra
 18313 | D:11     | Reached skill level 15 in Fighting
 18313 | D:11     | Reached XP level 12. HP: 46/109 MP: 12/12
 19069 | Lair:1   | Entered Level 1 of the Lair of Beasts
 19520 | Lair:1   | Noticed an eight-headed hydra
 19562 | Lair:1   | Killed an eight-headed hydra
 20263 | Lair:2   | Found a staircase to the Swamp.
 20276 | Lair:2   | Noticed a boulder beetle
 20559 | Lair:2   | Noticed an eight-headed hydra
 20733 | Lair:1   | Killed an eight-headed hydra
 20767 | Lair:2   | Reached skill level 10 in Armour
 21462 | Lair:2   | Identified the +2 scale mail of Crawling {rN+ SInv}
 21974 | Lair:3   | Reached skill level 21 in Dodging
 21977 | Lair:3   | Found a staircase to the Snake Pit.
 22002 | Lair:3   | Reached XP level 13. HP: 109/119 MP: 13/13
 22851 | Lair:4   | Noticed Josephine
 22963 | Lair:4   | Noticed Sonja
 22973 | Lair:4   | Cast into level 2 of the Abyss (Sonja)
 22991 | Lair:4   | Escaped the Abyss
 23518 | Lair:3   | Killed Josephine
 23791 | Lair:4   | Reached *** piety under the Shining One
 24096 | Lair:4   | Killed Sonja
 24823 | Lair:5   | Found a gate leading to a gauntlet.
 24833 | Gauntlet | Entered a Gauntlet
 24833 | Gauntlet | Reached **** piety under the Shining One
 24833 | Gauntlet | Found a transporter.
 24833 | Gauntlet | Found a transporter.
 24835 | Gauntlet | Found a transporter.
 24838 | Gauntlet | Found a transporter.
 24838 | Gauntlet | Found a transporter.
 24879 | Gauntlet | Found a transporter.
 24879 | Gauntlet | Found a transporter.
 24880 | Gauntlet | Found a transporter.
 24892 | Gauntlet | Found a transporter.
 24908 | Gauntlet | Found a runed translucent door.
 24909 | Gauntlet | Found a transporter.
 24910 | Gauntlet | Found a runed translucent door.
 24919 | Gauntlet | Found a transporter.
 24920 | Gauntlet | Noticed a dire elephant
 24933 | Gauntlet | Found a transporter.
 24955 | Gauntlet | Found a transporter.
 24968 | Gauntlet | Found a transporter.
 25855 | Gauntlet | Identified the +2 hat "Huitto" {rPois rC- Int+2}
 25866 | Gauntlet | Noticed a minotaur
 25886 | Gauntlet | Killed a minotaur
 26223 | Lair:5   | Reached XP level 14. HP: 122/131 MP: 14/14
 26372 | Lair:5   | Reached skill level 22 in Dodging
 27038 | Lair:6   | Entered Level 6 of the Lair of Beasts
 27240 | Lair:6   | Reached skill level 1 in Long Blades
 27807 | Lair:6   | Reached ***** piety under the Shining One
 27905 | Lair:6   | Found a viscous altar of Jiyva.
 27905 | Lair:6   | Found a staircase to the Slime Pits.
 28232 | Lair:6   | Reached XP level 15. HP: 138/138 MP: 15/15
 29154 | Lair:6   | Found a corrupted altar of Lugonu.
 29154 | Lair:6   | Found a one-way gate to the infinite horrors of the Abyss.
 29679 | D:10     | Killed Fannar
 29757 | D:10     | Found the +6 shillelagh "Devastator" {shatter}
 29946 | D:10     | Identified the +0 scale mail of Catatonia {*Corrode rC+
                  | Str-4 Dex+8}
 30173 | D:12     | Noticed Urug
 30183 | D:12     | Killed Urug
 30372 | D:12     | Found a staircase to the Orcish Mines.
 30388 | D:12     | Reached ****** piety under the Shining One
 30588 | D:12     | Noticed Snorg
 30597 | D:12     | Killed Snorg
 30770 | D:13     | Cast into level 2 of the Abyss (a wizard)
 30853 | Abyss:2  | Noticed a bone dragon
 31106 | Abyss:2  | HP: 1/139 [starcursed mass/accursed screaming (6)]
 31107 | Abyss:2  | Killed from afar by a starcursed mass

Illustrated notes

Levels and vault maps discovered:
D:1:      grunt_arrival_crossed_arrows, layout_loops_ring,
          minmay_split_cup_large
D:2:      layout_basic, kennysheep_generic_room_11
D:3:      layout_basic, lemuel_round_altar
D:4:      layout_loops_ring, gup_sewer_entry_glass, palyth_stone_intersect,
          grunt_ministairs_4
D:5:      layout_basic, minmay_temple_entry_large_hall, minivault_19
D:6:      layout_loops_ring, hellmonk_ghost_happy_afterlife
D:7:      layout_basic, uniq_duvessa, uniq_crazy_yiuf_cottage, uniq_harold
D:8:      layout_gridville, dpeg_oklobed_lair, serial_bayou,
          serial_bayou_shore_b, serial_bayou_crossing, serial_bayou_lake_a,
          serial_bayou_pond_c, minmay_door_square
D:9:      layout_loops_ring, serial_co_window_serial, co_window_paths_a,
          co_window_paths_b, co_window_cross_1, co_window_paths_a,
          co_window_of_opportunity_a, co_window_corner_a, co_window_paths_b,
          co_window_broadway_a, co_window_2corner, co_window_corner_b,
          co_window_corner_b, co_window_corner_cb, co_window_cross_3,
          glass_columns_a, glass_columns_a, glass_columns_c, enter_bailey_5
D:10:     minmay_roctagon, layout_basic, serial_shops, kennysheep_mini_moat,
          uniq_erolcha, uniq_fannar
D:11:     layout_stronghold
D:12:     layout_cross, hiddenorc2_lemuel, minmay_misc_feat_alley, uniq_snorg,
          uniq_urug
D:13:     layout_loops_cross, erik_vaults_2
Temple:   grunt_wide_crystal_templ
Lair:1:   layout_gridlike, lemuel_fruit_fields, grunt_megastairs_1,
          serial_bayou_shore_b
Lair:2:   layout_cave_shapes, minmay_swamp_entry_reptiles,
          chequers_serial_rivers_micro_d
Lair:3:   layout_chaotic_city, guppyfry_snake_entry_garden
Lair:4:   layout_misc_corridors, enter_volcano_2, beast_lair_carwin_3,
          grunt_megastairs_5, uniq_sonja, uniq_josephine
Lair:5:   layout_roguey, gauntlet_entry_generic, serial_bayou_pond_b,
          st_stairs_8
Lair:6:   hellmonk_lair_end_abyssal_woods, layout_cave_pods,
          dpeg_slime_entry_enclosed_altar, kennysheep_abandoned_house
Abyss:2:  base: Volcano, hangedman_abyss_or_decor_stabs,
          hangedman_abyss_or_decor_clamps, base: Lair:1, minivault_4,
          hangedman_abyss_or_decor_stagger, hangedman_abyss_shoalhut

Skill      XL: |  1  2  3  4  5  6  7  8  9 10 11 12 13 14 15 |
---------------+----------------------------------------------+-----
Fighting       | 3 4 5 7 8 10 13 15 16 18 19 | 19.2
Dodging        | 5 6 7 10 13 16 19 20 21 22 | 22.7
Armour         | 1 7 11 12 13 | 13.1
Long Blades    | 7 9 |  9.4
Polearms       | |  4.4
Throwing       | |  2.0

Action                   |  1- 3 |  4- 6 |  7- 9 | 10-12 | 13-15 || total
-------------------------+-------+-------+-------+-------+-------++-------
Melee: Trident           |   111 |   230 |    79 |       |       ||   420
       Tailslap          |       |     5 |       |    27 |     7 ||    39
       Punch             |       |     1 |     6 |    35 |    17 ||    59
       Dagger            |       |       |   300 |   454 |       ||   754
       Spear             |       |       |       |   813 |   782 ||  1595
       Great sword       |       |       |       |       |   318 ||   318
Throw: Throwing net      |     2 |       |     1 |     4 |       ||     7
       Dart              |       |    11 |     5 |    58 |     6 ||    80
       Javelin           |       |       |     7 |     3 |       ||    10
Invok: Divine Shield     |       |       |       |     3 |       ||     3
Evoke: Wand              |     3 |     5 |     6 |    37 |     1 ||    52
  Use: Scroll            |       |     9 |     7 |    10 |    14 ||    40
       Potion            |       |       |     6 |     3 |     8 ||    17
 Stab: Sleeping          |     4 |     3 |       |       |       ||     7
       Held in net/web   |     2 |       |       |       |       ||     2
       Distracted        |       |     1 |       |       |       ||     1
       Invisible         |       |     2 |       |       |       ||     2
Armor: Leather armour    |    24 |    36 |    43 |    62 |       ||   165
       Scale mail        |       |       |       |   106 |   214 ||   320
Dodge: Dodged            |    55 |   179 |   371 |  1371 |  1238 ||  3214
Block: Other             |       |       |       |   130 |   229 ||   359
       Reflection        |       |       |       |     6 |     5 ||    11
